 Dungeon Crawl Stone Soup version 0.28-a0-895-g6e5f11bd55 (webtiles) character file.

Game seed: 5505979292099769132

178 vineage the Skirmisher (level 5, 0/37 HPs)
             Began as a Gargoyle Fighter on Nov 22, 2021.
             Slain by a black bear (2 damage)
             ... on level 4 of the Dungeon.
             The game lasted 00:03:11 (3355 turns).

vineage the Skirmisher (Gargoyle Fighter)           Turns: 3355, Time: 00:03:11

Health: 0/37       AC: 13    Str: 20    XL:     5   Next: 58%
Magic:  5/5        EV:  9    Int:  8    God:
Gold:   225        SH:  0    Dex: 10    Spells: 4/4 levels left

rFire   . . .      SeeInvis .   a - +0 flail
rCold   . . .      Faith    .   c - +0 buckler
rNeg    + . .      Spirit   .   b - +0 scale mail
rPois   ∞          Reflect  .   i - +1 helmet
rElec   +          Harm     .   (no cloak)
rCorr   .          Rampage  .   (no gloves)
Will    .....                   (no boots)
Stlth   ..........              (no amulet)
HPRegen 0.12/turn               (no ring)
MPRegen 0.09/turn               (no ring)

@: confused, mighty, ambrosia-drunk
A: sickness immunity, AC +4, negative energy resistance 1, electricity
resistance, torment resistance 1, petrification resistance
a: no special abilities


You were on level 4 of the Dungeon.
You visited 1 branch of the dungeon, and saw 4 of its levels.

You collected 225 gold pieces.

Inventory:

Hand Weapons
 a - a +0 flail (weapon)
Armour
 b - a +0 scale mail (worn)
 c - a +0 buckler (worn)
 i - a +1 helmet (worn)
Jewellery
 k - an amulet of magic regeneration
Wands
 e - a wand of iceblast (6)
Scrolls
 h - a scroll of blinking {unknown}
 j - a scroll of identify {unknown}
Potions
 f - a potion of might
 g - a potion of curing


   Skills:
 * Level 6.7 Fighting
 - Level 2.0 Maces & Flails
 - Level 3.2 Armour
 - Level 3.2 Shields


You had 4 spell levels left.
You didn't know any spells.
Your spell library contained the following spells:

 Spells                   Type           Power      Damage    Failure   Level
 Gell's Gravitas          Tloc           0%         N/A       99%         3
 Teleport Other           Tloc           0%         N/A       99%         3
 Dispersal                Tloc           0%         N/A       100%        6


Dungeon Overview and Level Annotations

Branches:
Dungeon (4/15)
 Temple: D:4-7

Altars:
Cheibriados
Uskayaw

Shops:
D:1 [

Annotations:
D:2 1 runed translucent door, Crazy Yiuf


Innate Abilities, Weirdness & Mutations

You are immune to sickness and miasma.
Your stone body is resilient. (AC +4)
You are immune to poison.
You resist negative energy. (rN+)
You are resistant to electric shocks. (rElec)
You are resistant to unholy torment.
You are immune to petrification.


Message History

You block the black bear's attack. You block the hound's attack.
The black bear bites you but does no damage.
The black bear closely misses you.
The black bear claws you but does no damage.
The hound stops to sniff the ground.
The hound bites you but does no damage.
You barely miss the black bear.
The black bear is severely wounded.
The black bear bites you but does no damage.
The black bear claws you but does no damage. x2
The hound bites you but does no damage. The black bear bites you!
* * * LOW HITPOINT WARNING * * *
The black bear claws you but does no damage.
You block the black bear's attack. The hound bites you but does no damage.
You feel very mighty all of a sudden.
The black bear bites you but does no damage.
The black bear claws you but does no damage. x2
The hound closely misses you. You block the black bear's attack.
The black bear claws you.
* * * LOW HITPOINT WARNING * * *
The black bear claws you but does no damage.
The hound bites you but does no damage.
It was a potion of curing.
You feel better. You block the hound's attack.
The black bear closely misses you. You block the black bear's attack. x2
You sock the black bear!
The black bear is almost dead.
The hound closely misses you. You block the black bear's attack.
The black bear barely misses you. The black bear claws you.
* * * LOW HITPOINT WARNING * * *
The hound bites you but does no damage. The black bear closely misses you. x2
The black bear claws you but does no damage.
It was a potion of ambrosia.
You are confused.
You feel invigorated. The hound bites you but does no damage.
The black bear bites you!
* * * LOW HITPOINT WARNING * * *
The black bear misses you. The black bear closely misses you.
The hound bites you but does no damage. The black bear barely misses you.
The black bear closely misses you. The black bear claws you.
You die...

##########<# ......>##.#
###..#.##.# ##.....).#.#
##..#...#...#
##+###..#######).#
..........###....###.###
......#.###.###........#
.=...(./@#...#...###.#.#
........hh.#...#..#
......###.###.###..#
...... #...### ..#
...... #.### ..# .....
#.. ..# ##... ##. #.#
#.. ##


You could see a black bear (berserk) and a hound.

Vanquished Creatures
  A scorpion (D:3)
  Robin (D:2)
  3 adders
  A worm (D:2)
  A dart slug (D:3)
  2 orcs
  5 endoplasms (D:3)
  A giant cockroach (D:1)
  16 goblins
  7 hobgoblins
  5 jackals (D:2)
  6 kobolds
  3 quokkas
  2 ball pythons
  6 bats
  4 frilled lizards
  10 rats
74 creatures vanquished.

Vanquished Creatures (others)
  A goblin (D:2)
1 creature vanquished.

Grand Total: 75 creatures vanquished

Notes
Turn   | Place    | Note
-------+----------+-------------------------------------------
     0 | D:1      | vineage the Gargoyle Fighter began the quest for the Orb.
     0 | D:1      | Reached XP level 1. HP: 14/14 MP: 1/1
   114 | D:1      | Reached XP level 2. HP: 20/20 MP: 2/2
   122 | D:1      | Found Hoitoa's Antique Armour Shop.
   157 | D:1      | Reached skill level 4 in Fighting
   694 | D:1      | Reached XP level 3. HP: 24/24 MP: 3/3
  1471 | D:2      | Reached skill level 5 in Fighting
  1778 | D:2      | Noticed Robin
  1799 | D:2      | Reached XP level 4. HP: 27/31 MP: 4/4
  1815 | D:2      | Killed Robin
  2226 | D:2      | Found a runed translucent door.
  2227 | D:2      | Noticed Crazy Yiuf
  2479 | D:3      | Noticed a scorpion
  2491 | D:3      | Killed a scorpion
  2492 | D:3      | Reached skill level 6 in Fighting
  2492 | D:3      | Reached XP level 5. HP: 27/37 MP: 5/5
  2637 | D:3      | Found a hide-covered altar of Uskayaw.
  3070 | D:3      | Found a snail-covered altar of Cheibriados.
  3339 | D:4      | Noticed a black bear
  3355 | D:4      | Slain by a black bear

Illustrated notes

Levels and vault maps discovered:
D:1:      minmay_arrival_diagonal_passages, layout_basic, serial_shops, shop,
          minmay_misc_feat_roman
D:2:      layout_loops_corners, uniq_crazy_yiuf_cottage, uniq_robin
D:3:      layout_rooms, nicolae_uskayaw_murder_on_the_dancefloor,
          general_overflow_altar, serial_corexii_hall, corexii_hall_statues_l,
          chequers_hall_statues_corner_a, chequers_hall_statues_corner_a,
          corexii_hall_statues_t, hex_intersection, minivault_19
D:4:      layout_basic, grunt_temple_overflow_open, minmay_between

Skill      XL: |  1  2  3  4 |
---------------+-------------+-----
Fighting       | 4 5 6 |  6.7
Maces & Flails | |  2.0
Armour         | |  3.2
Shields        | |  3.2

Action                   |  1- 3 |  4- 6 || total
-------------------------+-------+-------++-------
Melee: Flail             |   146 |    96 ||   242
  Use: Scroll            |     3 |       ||     3
       Potion            |       |     5 ||     5
Armor: Scale mail        |    97 |   126 ||   223
Dodge: Dodged            |    96 |    68 ||   164
Block: Buckler           |    28 |    42 ||    70

Table legend: (Time is in decaauts)
 A = Elapsed time spent in this place.
 B = Non-inter-level travel time spent in this place.
 C = Inter-level travel time spent in this place.
 D = Time resting spent in this place.
 E = Time spent auto-exploring this place.
 F = Levels seen in this place.
 G = Mean time per level.
                   A        B        C        D        E       F      G
               +--------+--------+--------+--------+--------+-----+--------+
         Total |   3415 |   3329 |     86 |      0 |   2779 |   4 |  853.8 |
       Dungeon |   3415 |   3329 |     86 |      0 |   2779 |   4 |  853.8 |
               +--------+--------+--------+--------+--------+-----+--------+

Top non-repeatable levels by time:
     D:2: 1562 daAuts
     D:1: 951 daAuts
     D:3: 761 daAuts
     D:4: 141 daAuts
